 Dungeon Crawl Stone Soup version 0.25-a0-517-gf8b3a32422 (webtiles) character file.

Game seed: 3550484921405583581, levelgen mode: deterministic

994 drasked the Conjurer (level 7, -18/36 HPs)
             Began as a Deep Elf Wizard on Feb 17, 2020.
             Was a Follower of Vehumet.
             Hit by a boomerang thrown by an orc warrior (24 damage)
             ... on level 6 of the Dungeon.
             The game lasted 00:33:14 (7311 turns).

drasked the Conjurer (Deep Elf Wizard)              Turns: 7311, Time: 00:33:14

Health: -18/36     AC:  4    Str:  4    XL:     7   Next: 99%
Magic:  6/16       EV: 13    Int: 25    God:    Vehumet [*.....]
Gold:   342        SH:  0    Dex: 13    Spells: 7/15 levels left

rFire    . . .     SeeInvis .   u - +1 trident
rCold    . . .     Gourm    .   (no shield)
rNeg     . . .     Faith    .   a - +0 robe
rPois    .         Spirit   .   b - +0 hat
rElec    .         Reflect  .   g - +0 cloak
rCorr    .         Harm     .   x - +0 pair of gloves
MR       .....                  z - +1 pair of boots
Stlth    ++........             (no amulet)
HPRegen  0.12/turn              w - -2 ring of protection (curse)
MPRegen  0.15/turn              (no ring)

@: very slightly contaminated
A: no striking features
a: Renounce Religion


You were on level 6 of the Dungeon.
You worshipped Vehumet.
Vehumet was aware of your devotion.
You were not hungry.

You visited 2 branches of the dungeon, and saw 7 of its levels.

You collected 342 gold pieces.

Inventory:

Hand Weapons
 p - the +9 spear of a Gauntlet {freeze, *Corrode *Drain MR+++ SInv}
   (You took it off an orc on level 6 of the Dungeon)

   It has been specially enchanted to freeze those struck by it, causing extra
   injury to most foes and up to half again as much damage against particularly
   susceptible opponents.
   It can also slow down cold-blooded creatures.
   It affects your resistance to hostile enchantments.
   It lets you see invisible.
   It may corrode you when you take damage.
   It causes draining when unequipped.
 u - a +1 trident (weapon)
   (You took it off an orc on level 3 of the Dungeon)
Missiles
 n - 2 throwing nets {=f, !d=f}
Armour
 a - a +0 robe (worn)
 b - a +0 hat (worn)
 g - a +0 cloak (worn)
   (You found it on level 1 of the Dungeon)
 x - a +0 pair of gloves (worn)
   (You found it on level 3 of the Dungeon)
 z - a +1 pair of boots (worn)
   (You found it on level 4 of the Dungeon)
Jewellery
 v - a cursed amulet of inaccuracy {unknown}
   (You found it on level 6 of the Dungeon)
 w - a cursed -2 ring of protection (left hand)
   (You found it on level 4 of the Dungeon)
Wands
 o - a wand of paralysis (5)
   (You found it on level 5 of the Dungeon)
 D - a wand of flame (27)
   (You found it on level 4 of the Dungeon)
Scrolls
 c - 2 scrolls of immolation {!r!r}
 i - a scroll of identify
 j - 2 scrolls of enchant weapon
 t - a scroll of teleportation
Potions
 d - 3 potions of curing
 h - 3 potions of haste
 k - a potion of lignification {unknown}
 l - 3 potions of heal wounds
 m - a potion of berserk rage {unknown}
 q - 2 potions of brilliance {unknown}
 r - 4 potions of mutation {!q!q}
 s - 3 potions of agility
 B - a potion of might {unknown}
 C - a potion of ambrosia
Comestibles
 e - 9 rations
 f - 7 chunks of flesh {@w0}


   Skills:
 - Level 2.4 Dodging
 - Level 2.4 Stealth
 * Level 4.8 Spellcasting
 + Level 7.1 Conjurations
 + Level 5.8 Summonings
 - Level 1.1 Translocations
 - Level 2.4 Air Magic
 - Level 2.0 Poison Magic


You had 7 spell levels left.
You knew the following spells:

 Your Spells              Type           Power        Failure   Level  Hunger
a - Magic Dart            Conj           ####         1%          1    None
b - Blink                 Tloc           N/A          9%          2    None
c - Call Imp              Summ           #####...     1%          2    None
x - Mephitic Cloud        Conj/Pois/Air  ####....     4%          3    ##.....

Your spell library contained the following spells:

 Spells                   Type           Power        Failure   Level  Hunger
 Shock                    Conj/Air       ####         1%          1    None
 Conjure Flame            Conj/Fire      ###.....     6%          3    ##.....
 Beastly Appendage        Tmut           #.....       9%          1    None
 Slow                     Hex            #.......     13%         2    None
 Sticks to Snakes         Tmut           #.......     13%         2    None
 Spider Form              Tmut/Pois      ##........   17%         3    ##.....
 Ice Form                 Ice/Tmut       #.......     63%         4    ####...
 Blade Hands              Tmut           #.........   93%         5    #####..


Dungeon Overview and Level Annotations

Branches:
Dungeon (6/15)             Temple (1/1) D:4

Altars:
Ashenzari
Cheibriados
Dithmenos
Elyvilon
Fedhas
Gozag
Hepliaklqana
Kikubaaqudgha
Makhleb
Nemelex Xobeh
Okawaru
Qazlal
Ru
Sif Muna
Trog
Uskayaw
Vehumet
Wu Jian
Xom
Yredelemnul
Zin
The Shining One


Message History

The ball explodes into a vile cloud!
The stinking cloud engulfs your crimson imp but does no damage.
The stinking cloud engulfs something but does no damage.
* * * LOW MAGIC WARNING * * *
Something hits you.
* * * LOW HITPOINT WARNING * * *
You hit something.
Your crimson imp disappears in a puff of smoke!
An orc priest appears from thin air!
Reactivating autopickup.
The orc priest dies!
You start resting.
Your white imp disappears in a puff of smoke!
Items here: )) [ † a club; a +0 club; a +0 ring mail; an orc corpse
Things that are here:
the +9 spear of a Gauntlet {freeze, *Corrode *Drain MR+++ SInv} a +0 chain mail; an orc corpse
p - the +9 spear of a Gauntlet {freeze, *Corrode *Drain MR+++ SInv}
Items here: )) [ † a club; a +0 club; a +0 ring mail; an orc corpse
There is a stone staircase leading up here.
Okay, then.
You start resting.
All of the chunks of flesh in your inventory have rotted away.
You butcher the orc corpse.
f - a chunk of flesh {@w0}
Items here: )) [ ÷ a club; a +0 club; a +0 ring mail; an orc skeleton
Items here: )) [ ÷ a club; a +0 club; a +0 ring mail; an orc skeleton You butcher the orc corpse.
f - 5 chunks of flesh {@w0} (gained 4)
Things that are here:
a +0 chain mail; an orc skeleton
Things that are here:
a +0 chain mail; an orc skeleton
Things that are here:
a +0 leather armour; an orc skeleton You now have 315 gold pieces (gained 15).
You see here a +0 short sword.
You now have 329 gold pieces (gained 14).
You now have 342 gold pieces (gained 13).
Eating one of 5 chunks of flesh {@w0}.
You eat one of the 5 chunks of flesh {@w0}.
Found a stone staircase leading down.
v - a glowing cabochon amulet An electric eel comes into view.
The electric eel shoots out a bolt of lightning at you!
The bolt of electricity misses you.
Aim: an electric eel (water)
The ball explodes into a vile cloud!
The stinking cloud engulfs the electric eel but does no damage.
You hear a shout! x2
The electric eel is engulfed in noxious fumes.
The electric eel shoots out a bolt of lightning at you!
The bolt of electricity hits you!
Aim: an electric eel (noxious fumes, water)
The magic dart hits the electric eel.
The electric eel is engulfed in noxious fumes.
The electric eel appears confused.
Aim: an electric eel (noxious fumes, water, moderately wounded, confused)
The magic dart hits the electric eel.
The electric eel is engulfed in noxious fumes.
The electric eel appears confused.
The electric eel flops around on dry land!
Aim: an electric eel (severely wounded, confused)
The magic dart hits the electric eel.
The electric eel dies!
You see here an electric eel corpse.
You butcher the electric eel corpse.
f - 7 chunks of flesh {@w0} (gained 3)
You see here an electric eel skeleton.
You start resting.
An electric eel comes into view.
An orc warrior comes into view. It is wielding a +0 long sword.
Aim: an electric eel (water, hasn't noticed you)
You miscast Mephitic Cloud.
You are very lightly contaminated with residual magic.
Your skin tingles.
The orc warrior shouts!
You hear a shout! x2
The orc warrior throws a boomerang.
The boomerang closely misses you.
The weapon returns to the orc warrior!
The electric eel shoots out a bolt of lightning at you!
The bolt of electricity misses you.
Aim: an electric eel (water)
The ball explodes into a vile cloud!
The stinking cloud engulfs the electric eel but does no damage.
* * * LOW MAGIC WARNING * * *
The orc warrior throws a boomerang.
The boomerang hits you!!
Ouch! That really hurt!
* * * LOW HITPOINT WARNING * * *
The weapon returns to the orc warrior!
The electric eel is engulfed in noxious fumes.
The electric eel appears confused.
The electric eel flops around on dry land!
The electric eel dives back into the water!
The orc warrior throws a boomerang.
The boomerang hits you!!
Ouch! That really hurt!
You die...

≈.. .. ...... ≈.#..
#..... #≈.#. . ......
##≈.. .### ...... ##≈≈.#
.... ..#.##
##≈≈..###...##.### #
#######≈≈...#....#.....#.
≈≈≈☼;≈≈
#÷#....###........
##○...##@....###........)
#........................
###......#..##...........
#......##..###....###...
#...#..#....##..........
....##......####.........
...........#####........#
#.o. ...... #.........###
...........#
#....###.....


You could see an orc warrior.

Levels and vault maps discovered:
D:1:      wander_arrival_chamber, layout_basic
D:2:      layout_basic, fedhas_ov_isle_minmay
D:3:      layout_rooms, marbit_many_paths, serial_park_tiny_pond, uniq_jessica,
          uniq_crazy_yiuf_cottage
D:4:      layout_basic, minitemple, minmay_temple_entry_poolview, first_ration,
          amethyst_killhole, uniq_eustachio
D:5:      layout_layer_cave, uniq_blork_the_orc, uniq_sigmund
D:6:      layout_cave_pools, water_maze_lemuel
Temple:   nicolae_temple_no_exploring_needed

Notes
Turn   | Place    | Note
-------+----------+-------------------------------------------
     0 | D:1      | drasked the Deep Elf Wizard began the quest for the Orb.
     0 | D:1      | Reached XP level 1. HP: 10/10 MP: 7/7
   174 | D:1      | Identified a +0 club
   176 | D:1      | Reached skill level 2 in Conjurations
   229 | D:1      | Identified a +0 club
   280 | D:1      | Identified a +0 cloak (You found it on level 1 of the
                  | Dungeon)
   285 | D:1      | Reached XP level 2. HP: 15/15 MP: 6/9
   289 | D:1      | Learned a level 2 spell: Blink
   292 | D:1      | Learned a level 2 spell: Call Imp
   298 | D:1      | Identified a cursed +0 dagger
   399 | D:1      | Identified a +0 club
   401 | D:1      | Identified a +0 club
   542 | D:1      | Reached skill level 3 in Conjurations
   587 | D:1      | Identified a cursed +0 whip
   741 | D:1      | Reached XP level 3. HP: 19/19 MP: 8/10
   747 | D:1      | Learned a level 3 spell: Mephitic Cloud
   756 | D:1      | Identified a +0 club
   837 | D:1      | Identified a cursed -1 whip
   935 | D:1      | You fall into a shaft and drop 1 floor!
  1147 | D:2      | Identified a +0 dagger
  1188 | D:2      | Found a blossoming altar of Fedhas.
  1254 | D:2      | Identified a +0 scimitar
  1308 | D:2      | Identified a +0 rapier (You found it on level 2 of the
                  | Dungeon)
  1464 | D:2      | Identified a +0 short sword
  1540 | D:2      | Reached skill level 4 in Conjurations
  1735 | D:2      | Identified a +0 club
  2116 | D:3      | Identified a +0 trident
  2201 | D:3      | Found an ancient bone altar of Kikubaaqudgha.
  2279 | D:3      | Identified a +0 dagger
  2281 | D:3      | Reached XP level 4. HP: 24/24 MP: 8/12
  2340 | D:3      | Identified a +0 club
  2387 | D:3      | Identified a +0 dagger
  2387 | D:3      | Identified a +0 robe
  2387 | D:3      | Noticed Jessica
  2398 | D:3      | Killed Jessica
  2398 | D:3      | Reached skill level 2 in Summonings
  2485 | D:3      | Identified a +0 short sword
  2569 | D:3      | Identified a +0 club
  2876 | D:3      | Found a runed translucent door.
  2877 | D:3      | Identified a +2 quarterstaff of chaos
  2877 | D:3      | Identified a +0 cloak
  2877 | D:3      | Noticed Crazy Yiuf
  2931 | D:3      | Killed Crazy Yiuf
  2941 | D:3      | Identified a +0 pair of gloves (You found it on level 3 of
                  | the Dungeon)
  3065 | D:4      | Reached XP level 5. HP: 28/28 MP: 8/13
  3164 | D:4      | Identified a +1 dagger of protection
  3164 | D:4      | Identified a +0 leather armour
  3165 | D:4      | Identified a +0 hand axe
  3165 | D:4      | Identified a +0 leather armour
  3173 | D:4      | Identified a +0 dagger
  3173 | D:4      | Identified a +0 robe
  3176 | D:4      | Identified a +0 dagger
  3176 | D:4      | Identified a +0 robe
  3179 | D:4      | Reached skill level 5 in Conjurations
  3179 | D:4      | Reached skill level 3 in Summonings
  3304 | D:4      | Found a staircase to the Ecumenical Temple.
  3314 | Temple   | Entered the Ecumenical Temple
  3353 | D:4      | Identified a cursed -1 club
  3353 | D:4      | Identified a +0 leather armour
  3425 | D:4      | Identified a +0 rapier
  3425 | D:4      | Identified a +0 leather armour
  3425 | D:4      | Noticed Eustachio
  3453 | D:3      | HP: 4/28 [iguana (4)]
  3729 | D:4      | Killed Eustachio
  3729 | D:4      | Reached skill level 4 in Summonings
  3729 | D:4      | Reached XP level 6. HP: 32/32 MP: 4/14
  3875 | D:4      | Identified a +0 dagger
  3903 | D:4      | Identified a +0 club
  3903 | D:4      | Identified a +0 flail
  3904 | D:4      | Identified a +0 dagger
  3904 | D:4      | Identified a cursed +0 robe
  4148 | D:4      | Identified a +0 giant club
  4181 | D:4      | Reached skill level 6 in Conjurations
  4427 | D:4      | Identified a +0 flail
  4523 | D:4      | Found a burning altar of Makhleb.
  4530 | D:4      | Found a hide-covered altar of Uskayaw.
  4531 | D:4      | Found a stormy altar of Qazlal.
  4531 | D:4      | Found a radiant altar of Vehumet.
  4531 | D:4      | Found a blossoming altar of Fedhas.
  4531 | D:4      | Found a shattered altar of Ashenzari.
  4533 | D:4      | Found an iron altar of Okawaru.
  4534 | D:4      | Found an ornate altar of the Wu Jian Council.
  4536 | D:4      | Found a basalt altar of Yredelemnul.
  4539 | D:4      | Became a worshipper of Vehumet
  4805 | D:4      | Identified a +0 pair of boots (You found it on level 4 of
                  | the Dungeon)
  4806 | D:4      | Identified 6 scrolls of identify
  4806 | D:4      | Identified 3 potions of mutation
  4807 | D:4      | Identified 2 potions of agility
  4808 | D:4      | Identified 3 potions of haste
  4809 | D:4      | Identified 2 potions of heal wounds
  4810 | D:4      | Identified a potion of ambrosia
  4811 | D:4      | Identified a ring of protection (You found it on level 4 of
                  | the Dungeon)
  4812 | D:4      | Identified 3 scrolls of enchant weapon
  4813 | D:4      | Identified 3 scrolls of immolation
  4814 | D:4      | Identified a scroll of fog
  4815 | D:4      | Identified a scroll of enchant armour
  4816 | D:4      | Identified a scroll of noise
  4817 | D:4      | Identified a scroll of teleportation
  4818 | D:4      | Identified a scroll of blinking
  4819 | D:4      | Identified a scroll of magic mapping
  4852 | D:5      | Entered Level 5 of the Dungeon
  4852 | D:5      | Identified a cursed +0 scythe
  4852 | D:5      | Identified a +0 robe
  4852 | D:5      | Noticed Sigmund
  4863 | D:5      | Identified a +0 battleaxe
  4863 | D:5      | Identified a +0 robe
  4863 | D:5      | Noticed Blork the orc
  5097 | D:5      | Noticed a hornet
  5109 | D:5      | Identified a +0 giant spiked club
  5112 | D:5      | Paralysed by a hornet for 1 turns
  5384 | D:5      | Identified a cursed -1 mace
  5386 | D:5      | Identified a +0 club
  5388 | D:5      | Identified a +0 club
  5416 | D:5      | Identified a +0 chain mail
  5416 | D:5      | Killed Sigmund
  5416 | D:5      | Reached skill level 5 in Summonings
  5416 | D:5      | Reached skill level 1 in Air Magic
  5416 | D:5      | Reached skill level 1 in Poison Magic
  5416 | D:5      | Reached XP level 7. HP: 36/36 MP: 4/15
  5619 | D:5      | Identified a +0 dagger of protection
  5619 | D:5      | Identified a +0 robe
  5626 | D:5      | Identified a +0 dagger
  5626 | D:5      | Identified a +0 robe
  5626 | D:5      | Identified a +0 dagger
  5626 | D:5      | Identified a +0 hand axe
  5626 | D:5      | Identified a cursed +0 leather armour
  5644 | D:5      | Identified a +0 short sword
  5644 | D:5      | Identified a +0 plate armour
  5721 | D:5      | Identified a +0 club
  5722 | D:5      | Identified a +0 flail
  5726 | D:5      | Identified a +0 club
  5904 | D:5      | Killed Blork the orc
  5904 | D:5      | Reached skill level 2 in Poison Magic
  5931 | D:5      | HP: 6/36 [hornet (17)]
  6178 | D:5      | Killed a hornet
  6178 | D:5      | Reached skill level 2 in Air Magic
  6364 | D:5      | Reached * piety under Vehumet
  6364 | D:5      | Offered knowledge of Shock by Vehumet.
  6364 | D:5      | Reached skill level 7 in Conjurations
  6897 | D:6      | Identified a +0 dagger
  6899 | D:6      | Identified a +0 short sword
  6899 | D:6      | Identified a +0 trident
  6899 | D:6      | Identified a +0 chain mail
  6899 | D:6      | Identified a +0 club
  6900 | D:6      | Identified a +0 hand axe
  7013 | D:6      | Identified a +0 leather armour
  7084 | D:6      | Identified the +9 spear of a Gauntlet {freeze, *Corrode
                  | *Drain MR+++ SInv}
  7091 | D:6      | Identified a +0 ring mail
  7307 | D:6      | Identified a +0 long sword
  7307 | D:6      | Identified a +0 plate armour
  7309 | D:6      | HP: 6/36 [orc warrior/boomerang (19)]
  7311 | D:6      | Hit by a boomerang thrown by an orc warrior

Table legend:
 A = Turns spent in this place as a percentage of turns spent in the entire game.
 B = Non-inter-level travel turns spent in this place as a percentage of non-inter-level travel turns spent in the entire game.
 C = Inter-level travel turns spent in this place as a percentage of turns spent in this place.
 D = Turns resting spent in this place as a percentage of non-inter-level travel turns spent in this place.
 E = Turns spent auto-exploring this place as a percentage of non-inter-level travel turns spent in this place.
 F = Non-inter-level travel turns spent in this place divided by the number of levels of this place that you've seen.
                   A       B       C       D       E      F
               +-------+-------+-------+-------+-------+----------------------
         Total | 100.0 | 100.0 |   3.0 |  38.3 |  39.1 | 1012.7
       Dungeon |  99.7 |  99.7 |   3.0 |  38.4 |  39.3 | 1178.3
        Temple |   0.3 |   0.3 |  20.8 |   0.0 |   0.0 |  19.0
               +-------+-------+-------+-------+-------+----------------------

Table legend:
 A = Kills in this place as a percentage of kills in entire the game.
 B = Kills by you in this place as a percentage of kills by you in the entire game.
 C = Kills by friends in this place as a percentage of kills by friends in the entire game.
 D = Other kills in this place as a percentage of other kills in the entire game.
 E = Experience gained in this place as a percentage of experience gained in the entire game.
 F = Experience gained in this place divided by the number of levels of this place that you have seen.
                   A       B       C       D       E      F
               +-------+-------+-------+-------+-------+----------------------
         Total | 100.0 | 100.0 | 100.0 | 100.0 | 100.0 | 203.0
       Dungeon | 100.0 | 100.0 | 100.0 | 100.0 | 100.0 | 236.8
               +-------+-------+-------+-------+-------+----------------------

Skill      XL: |  1  2  3  4  5  6  7 |
---------------+----------------------+-----
Conjurations   | 2 3 4 5 6 7 |  7.1
Summonings     | 2 4 5 |  5.8
Air Magic      | 1 2 |  2.4
Poison Magic   | 1 2 |  2.0
Dodging        | |  2.4
Stealth        | |  2.4
Spellcasting   | |  4.8
Translocations | |  1.1

Action                   |  1- 3 |  4- 6 |  7- 9 || total
-------------------------+-------+-------+-------++-------
Melee: Trident           |       |    39 |    19 ||    58
 Cast: Magic Dart        |    93 |   100 |    18 ||   211
       Call Imp          |     5 |    19 |    22 ||    46
       Mephitic Cloud    |       |    18 |    18 ||    36
  Use: Scroll            |       |    13 |     1 ||    14
       Potion            |       |       |     1 ||     1
 Stab: Confused          |       |     1 |       ||     1
  Eat: Chunk             |     4 |     9 |     5 ||    18
       Ration            |       |     1 |       ||     1
Armor: Robe              |     5 |     4 |     5 ||    14
Dodge: Dodged            |    14 |    38 |    18 ||    70

Vanquished Creatures
  An ogre (D:5)
  A crimson imp (D:5)
  Jessica (D:3)
  2 iguanas
  3 orc wizards (D:4)
  A worker ant (D:4)
  3 adders
  A dart slug (D:4)
  4 leopard geckos
  14 orcs
  12 bats
  4 giant cockroaches
  9 goblins
  7 hobgoblins
  5 jackals
  8 kobolds
  2 quokkas
  2 ball pythons
  4 frilled lizards
  6 rats
  A fungus (D:3)
91 creatures vanquished.

Vanquished Creatures (collateral kills)
  A hornet (D:5)
  Sigmund (D:5)
  Eustachio (D:4)
  An ogre (D:4)
  Blork the orc (D:5)
  2 orc wizards (D:5)
  2 orc priests
  Crazy Yiuf (D:3)
  A worker ant (D:4)
  3 gnolls (D:5)
  3 adders
  A shadow imp (D:6)
  An ooze (D:5)
  2 worms
  7 orcs
  4 jackals (D:5)
  A quokka skeleton (D:6)
33 creatures vanquished.

Vanquished Creatures (others)
  An electric eel (D:6)
1 creature vanquished.

Grand Total: 125 creatures vanquished
